General information
- name: oYo-Kali P:| L:13
- type: Ladder 1vs1/FFA
- host: oYo-Kali
- saver: DkH.CieN
map: Gul'dans Legacy 1.6
- players: 10
- length: 24:14
- speed: Fast
- version: 1.26 W3XP
- replay type: Public
» download(277 KB)
Players
team 1 (loser)
dA-MoY. (
red | 209 APM | 5054 actions | 24:11)
5 Blademaster
2 Wind Walk
3 Critical Strike
5 Shadow Hunter
2 Hex
3 Healing Wave
» actions
| Assign group hotkey | 63 | |
| Basic commands | 37 | |
| Build / train | 69 | |
| Enter build submenu | 14 | |
| Enter hero's abilities submenu | 10 | |
| Give item / drop item | 8 | |
| Remove unit from queue | 2 | |
| Right click | 1530 | |
| Select / deselect | 954 | |
| Select group hotkey | 2198 | |
| Use ability | 169 | |
5054 total
» units
| Peon | 7 | |
| Grunt | 9 | |
| Raider | 8 | |
| Spirit Walker | 6 | |
| Kodo Beast | 2 | |
32 total
» upgrades
| Berserker Strength | 1 | |
| Ensnare | 1 | |
| Spirit Walker Training | 1 | |
3 total
» buildings
| Altar of Storms | 1 | |
| Orc Burrow | 6 | |
| Barracks | 1 | |
| Voodoo Lounge | 1 | |
| Stronghold | 2 | |
| Beastiary | 1 | |
| Spirit Lodge | 2 | |
| War Mill | 1 | |
| Great Hall | 1 | |
16 total
» build order
00:04 Altar of Storms
00:19 Orc Burrow
00:37 Barracks
01:24 Orc Burrow
02:01 Voodoo Lounge
02:53 Stronghold
02:53 Stronghold
03:38 Orc Burrow
05:40 Beastiary
05:42 Spirit Lodge
07:00 Orc Burrow
07:41 War Mill
11:06 Orc Burrow
13:12 Spirit Lodge
14:46 Orc Burrow
22:16 Great Hall
» items
| Boots of Speed | 1 | |
| Healing Salve | 3 | |
| Scroll of Healing | 4 | |
| Scroll of Town Portal | 3 | |
| Potion of Lesser Invulnerability | 2 | |
| Potion of Mana | 1 | |
14 total
SpoKi[bEoN] (
blue | 170 APM | 4100 actions | 24:10)
6 Archmage
2 Summon Water Elemental
2 Brilliance Aura
2 Blizzard
5 Mountain King
3 Storm Bolt
2 Bash
» actions
| Assign group hotkey | 50 | |
| Basic commands | 60 | |
| Build / train | 83 | |
| ESC pressed | 3 | |
| Enter build submenu | 20 | |
| Enter hero's abilities submenu | 11 | |
| Give item / drop item | 8 | |
| Right click | 1690 | |
| Select / deselect | 1001 | |
| Select group hotkey | 1026 | |
| Use ability | 148 | |
4100 total
» units
| Peasant | 15 | |
| Footman | 8 | |
| Forest Troll Berserker | 1 | |
| Sorceress | 1 | |
| Priest | 6 | |
| Spell Breaker | 12 | |
43 total
» buildings
| Altar of Kings | 1 | |
| Farm | 10 | |
| Barracks | 1 | |
| Scout Tower | 2 | |
| Arcane Tower | 2 | |
| Keep | 3 | |
| Arcane Sanctum | 2 | |
| Arcane Vault | 2 | |
| Town Hall | 1 | |
24 total
» build order
00:04 Altar of Kings
00:14 Farm
00:18 Barracks
00:50 Farm
01:31 Scout Tower
01:51 Farm
02:00 Arcane Tower
04:27 Keep
04:27 Keep
04:27 Keep
04:30 Scout Tower
04:55 Farm
05:47 Arcane Tower
06:59 Arcane Sanctum
07:00 Arcane Sanctum
07:06 Arcane Vault
07:10 Arcane Vault
08:08 Farm
08:58 Farm
10:46 Farm
12:01 Farm
15:44 Farm
15:45 Farm
19:49 Town Hall
» items
| Lesser Clarity Potion | 3 | |
| Scroll of Healing | 3 | |
| Potion of Lesser Invulnerability | 1 | |
| Scroll of Town Portal | 4 | |
| Dust of Appearance | 1 | |
| Scroll of Regeneration | 2 | |
| Potion of Healing | 3 | |
| Tome of Retraining | 1 | |
18 total
team 2 (winner)
DkH.Rain (
dark-green | 151 APM | 3649 actions | 24:11)
4 Blademaster
2 Wind Walk
2 Critical Strike
5 Shadow Hunter
2 Hex
3 Healing Wave
» actions
| Assign group hotkey | 84 | |
| Basic commands | 106 | |
| Build / train | 99 | |
| ESC pressed | 3 | |
| Enter build submenu | 19 | |
| Enter hero's abilities submenu | 9 | |
| Give item / drop item | 5 | |
| Right click | 1289 | |
| Select / deselect | 653 | |
| Select group hotkey | 1149 | |
| Use ability | 233 | |
3649 total
» units
| Peon | 7 | |
| Grunt | 11 | |
| Raider | 6 | |
| Spirit Walker | 6 | |
| Kodo Beast | 3 | |
| Demolisher | 2 | |
35 total
» upgrades
| Ensnare | 1 | |
| Berserker Strength | 1 | |
| Pillage | 1 | |
| Spirit Walker Training | 1 | |
| Armor | 2 | |
| Melee Weapons | 1 | |
7 total
» buildings
| Altar of Storms | 1 | |
| Orc Burrow | 6 | |
| Barracks | 1 | |
| Voodoo Lounge | 2 | |
| Stronghold | 1 | |
| Beastiary | 2 | |
| Spirit Lodge | 2 | |
| War Mill | 1 | |
| Great Hall | 1 | |
17 total
» build order
00:03 Altar of Storms
00:13 Orc Burrow
00:48 Barracks
01:33 Orc Burrow
02:36 Voodoo Lounge
03:21 Stronghold
03:58 Orc Burrow
05:42 Beastiary
05:53 Spirit Lodge
06:31 Beastiary
07:02 Spirit Lodge
07:21 Orc Burrow
10:10 War Mill
11:40 Voodoo Lounge
13:48 Great Hall
17:30 Orc Burrow
17:31 Orc Burrow
» items
| Dust of Appearance | 2 | |
| Lesser Clarity Potion | 16 | |
| Healing Salve | 5 | |
| Boots of Speed | 1 | |
| Scroll of Speed | 3 | |
| Potion of Lesser Invulnerability | 4 | |
| Scroll of Town Portal | 2 | |
| Potion of Mana | 4 | |
| Scroll of Healing | 4 | |
| Potion of Healing | 1 | |
42 total
DkH.Starshaped (
teal | 131 APM | 3162 actions | 24:12)
6 Archmage
2 Summon Water Elemental
2 Brilliance Aura
2 Blizzard
4 Mountain King
2 Storm Bolt
2 Thunder Clap
» actions
| Assign group hotkey | 57 | |
| Basic commands | 341 | |
| Build / train | 58 | |
| Enter build submenu | 16 | |
| Enter hero's abilities submenu | 10 | |
| Give item / drop item | 2 | |
| Right click | 1052 | |
| Select / deselect | 552 | |
| Select group hotkey | 952 | |
| Use ability | 122 | |
3162 total
» units
| Peasant | 8 | |
| Footman | 7 | |
| Sorceress | 2 | |
| Spell Breaker | 13 | |
| Priest | 3 | |
| Forest Troll Berserker | 1 | |
34 total
» upgrades
» buildings
| Farm | 9 | |
| Altar of Kings | 1 | |
| Barracks | 1 | |
| Scout Tower | 1 | |
| Keep | 1 | |
| Arcane Tower | 1 | |
| Arcane Vault | 1 | |
| Arcane Sanctum | 2 | |
17 total
» build order
00:08 Farm
00:10 Altar of Kings
00:20 Barracks
01:04 Farm
01:38 Farm
01:56 Scout Tower
02:45 Keep
02:56 Arcane Tower
03:29 Arcane Vault
03:32 Farm
04:43 Farm
05:11 Arcane Sanctum
05:19 Arcane Sanctum
07:10 Farm
09:56 Farm
12:17 Farm
12:36 Farm
» items
| Scroll of Regeneration | 1 | |
| Scroll of Town Portal | 2 | |
| Potion of Healing | 1 | |
| Potion of Lesser Invulnerability | 1 | |
| Tome of Retraining | 1 | |
6 total
observersoYo-Kali,
DkH.ZoZ,
mystic_girl,
DkH.Fly,
DkH.CieN,
gS-Wc3|Balnazza Chat log
(00:12 / Observers) gS-Wc3|Balnazza: Fehler gefunden...der stream spackt nicht wegen mir, sondern wegen own3d
(00:18 / Observers) gS-Wc3|Balnazza: die seite von denen ist auch down
(00:23 / Observers) DkH.ZoZ: ic
(00:24 / Observers) DkH.CieN: axo
(00:24 / Observers) DkH.CieN: tt
(00:54 / Observers) gS-Wc3|Balnazza: jetzt 'mal eben' nen anderen Videostream krieg ich auch nicht eingerichtet :/
(00:57 / Observers) DkH.ZoZ: Ghost Division
(00:59 / Observers) DkH.ZoZ: comments?
(01:26 / Observers) DkH.ZoZ: heard it was the best panzer division
(01:29 / Observers) DkH.ZoZ: in ww2
(01:43 / Observers) DkH.CieN: lie
(01:48 / Observers) DkH.ZoZ: y?
(01:51 / Observers) DkH.CieN: dunno
(02:19 / Observers) DkH.CieN: i heart alot storys
(02:19 / Observers) DkH.ZoZ: "they were so fast, not even the german generals knew where they were"
(02:26 / Observers) DkH.ZoZ: hence the name ghost division
(02:43 / Observers) DkH.CieN: no real talk
(02:49 / Observers) DkH.ZoZ: ^
(09:07 / Observers) gS-Wc3|Balnazza: aidostream now on
(09:12 / Observers) gS-Wc3|Balnazza: *audiostream
(12:51 / Observers) oYo-Kali: a
(12:52 / Observers) oYo-Kali: m
(15:27 / Observers) DkH.CieN: der arme
(15:28 / Observers) DkH.CieN: .
(15:39 / Observers) DkH.CieN: nu weiss ich wieso star lieber sc2 spielt
(15:54 / Observers) oYo-Kali: sc2 ist scheisse
(15:54 / Observers) oYo-Kali: ..
(15:57 / Observers) DkH.CieN: yo
(16:08 / Observers) DkH.CieN: aber verlierst keine heros
(16:09 / Observers) DkH.CieN: ^^
(16:14 / Observers) oYo-Kali: =)
(17:45 / Observers) DkH.ZoZ: rain
(17:47 / Observers) DkH.ZoZ: macro gott
(18:05 / Observers) mystic_girl: he took zoz-lessons :)
(18:10 / Observers) DkH.ZoZ: ))
(18:57 / Observers) DkH.Fly: posi^^^^
(19:17 / Observers) DkH.CieN: tt
(21:29 / Observers) DkH.CieN: gewinn die halt noch
(24:09 / All) SpoKi[bEoN]: g
(24:10 / All) dA-MoY.: g